 Dungeon Crawl Stone Soup version 0.30.1-11-g7821555f0a (webtiles) character file.

Game seed: 16588250628575910236

831467 kwasso the Minotaur Barricade (level 27, -14/264 HPs)
             Began as a Minotaur Fighter on Oct 26, 2023.
             Was a High Priest of Uskayaw.
             Killed from afar by a hellion (36 damage)
             ... with damnation
             ... summoned by Cerebov
             ... in Pandemonium on Oct 27, 2023.
             The game lasted 07:24:39 (92604 turns).

kwasso the Minotaur Barricade (Minotaur Fighter)   Turns: 92604, Time: 07:24:40

Health: -14/264    AC: 34    Str: 26    XL:     27
Magic:  33/33      EV: 26    Int:  8    God:    Uskayaw [*****.]
Gold:   14653      SH: 40    Dex: 22    Spells: 26/26 levels left

rFire   + + .        x - +9 broad axe (heavy)
rCold   + + +        c - +8 tower shield {rC+}
rNeg    + . .        u - +7 plate armour of Okawaru's Esteem {Regen+ rCorr}
rPois   .            (helmet unavailable)
rElec   +            b - scarf of Denuj {repulsion, rElec rC+++ Slay-2 SInv}
rCorr   +            j - +0 pair of fencer's gloves {Riposte Dex+3}
SInv    +            G - +1 pair of boots of Negation {Will+ Int+3}
Will    ++++.        h - amulet of reflection Stlth
                     L - ring of Megalomania {rElec rF+ Will+ EV+5}
HPRegen 3.04/turn    R - ring "Xufayq" {rF+ rN+ Str+2}
MPRegen 0.23/turn

%: repel missiles, reflection, clarity
@: studying Shields
A: horns 3, retaliatory headbutt, iridescent scales 1, clarity, low MP 1,
regeneration 2, weak 1, no potion heal 1
}: 7/15 runes: decaying, serpentine, slimy, silver, iron, obsidian, abyssal
a: Renounce Religion, Stomp, Line Pass, Grand Finale


You were in Pandemonium.
You worshipped Uskayaw.
Uskayaw was greatly pleased with you.
You visited 16 branches of the dungeon, and saw 69 of its levels.
You visited Pandemonium 1 time, and saw 3 of its levels.
You visited the Abyss 5 times.
You also visited: Trove, Ossuary and Bailey.

You collected 17793 gold pieces.
You spent 3140 gold pieces at shops.

Inventory:

Hand Weapons
 x - a +9 heavy broad axe (weapon)
 T - the +13 sceptre of Asmodeus
   (You took it off Asmodeus on level 7 of Gehenna)

   Fire Summon: It may summon demons of flame and damnation when striking foes.
Missiles
 k - a silver javelin
 Q - 17 atropa-tipped darts
 W - 27 javelins
 Y - 13 curare-tipped darts
Armour
 b - the scarf of Denuj (worn) {repulsion, rElec rC+++ Slay-2 SInv}
   (You acquired it on level 10 of the Dungeon)

   Slay:      It affects your accuracy & damage with ranged weapons and melee
   (-2).
   rC:        It renders you almost immune to cold.
   rElec:     It insulates you from electricity.
   SInv:      It lets you see invisible.
 c - a +8 tower shield of cold resistance (worn)
 e - +5 gold dragon scales
 j - the +0 pair of fencer's gloves (worn) {Riposte Dex+3}
   (You bought it in a shop on level 2 of the Orcish Mines)

   Riposte:   It allows the wearer to riposte with melee weapons, swiftly
   retaliating against missed or blocked melee attacks.
   Dex:       It affects your dexterity (+3).
 m - a +2 cloak
 u - the +7 plate armour of Okawaru's Esteem (worn) {Regen+ rCorr}
   (You found it in a treasure trove)

   Regen:     It increases your rate of health regeneration.
   rCorr:     It protects you from acid and corrosion.
 E - a +2 tower shield of protection
 G - the +1 pair of boots of Negation (worn) {Will+ Int+3}
   (You bought it in a shop on level 4 of the Depths)

   Int:       It affects your intelligence (+3).
   Will:      It increases your willpower.
Jewellery
 h - an amulet of reflection (around neck)
 l - the amulet of Ulymy {+Inv Regen+ Dex+5}
   (You found it on level 7 of the Iron City of Dis)

   [amulet of regeneration]

   Dex:       It affects your dexterity (+5).
   +Inv:      It lets you turn invisible.
   Regen:     It increases your rate of health regeneration.
 q - the ring "Hoxkokk" {rC+ rN+ Will+ Int-3 Dex+2}
   (You found it on level 3 of the Crypt)

   [ring of positive energy]

   Int:       It affects your intelligence (-3).
   Dex:       It affects your dexterity (+2).
   rC:        It protects you from cold.
   rN:        It protects you from negative energy.
   Will:      It increases your willpower.
 L - the ring of Megalomania (left hand) {rElec rF+ Will+ EV+5}
   (You found it on level 3 of the Elven Halls)

   [ring of evasion]

   EV:        It affects your evasion (+5).
   rF:        It protects you from fire.
   rElec:     It insulates you from electricity.
   Will:      It increases your willpower.
 R - the ring "Xufayq" (right hand) {rF+ rN+ Str+2}
   (You found it on level 5 of the Pits of Slime)

   [ring of protection from fire]

   Str:       It affects your strength (+2).
   rF:        It protects you from fire.
   rN:        It protects you from negative energy.
Wands
 a - a wand of flame (5)
 v - a wand of iceblast (67) (quivered)
 A - a wand of light (39)
 H - a wand of polymorph (25)
 O - a wand of mindburst (23)
 P - a wand of digging (1)
 S - a wand of charming (29)
Scrolls
 g - 4 scrolls of fear
 s - 26 scrolls of teleportation
 t - 11 scrolls of magic mapping
 w - 14 scrolls of fog
 y - 13 scrolls of noise
 B - 11 scrolls of poison
 D - 2 scrolls of butterflies
 I - 4 scrolls of silence
 K - 4 scrolls of blinking
Potions
 f - 5 potions of resistance
 i - 9 potions of haste
 n - 3 potions of magic
 r - 4 potions of heal wounds
 z - 4 potions of invisibility
 C - 9 potions of cancellation
 M - 8 potions of curing
 N - 11 potions of might
 Z - 7 potions of berserk rage
Miscellaneous
 d - a condenser vane
 o - a lightning rod (3/4)
 p - the horn of Geryon
 J - a phantom mirror
 U - a box of beasts


   Skills:
 + Level 24.9 Fighting
 - Level 4.5 Short Blades
 + Level 18.5(22.2) Axes
 + Level 7.9(14.3) Maces & Flails
 + Level 19.3(22.1) Polearms
 * Level 19.7 Throwing
 * Level 23.3 Armour
 * Level 20.3 Dodging
 O Level 27 Shields
 * Level 22.7 Invocations
 * Level 19.2 Evocations


You had 26 spell levels left.
You didn't know any spells.
Your spell library contained the following spells:

 Spells                   Type           Power      Damage    Failure   Level
 Foxfire                  Conj/Fire      0%         2x1d4     86%         1
 Freeze                   Ice            0%         1d3       86%         1
 Kiss of Death            Conj/Necr      0%         2d5       86%         1
 Magic Dart               Conj           0%         1d3       86%         1
 Necrotise                Necr           0%         1d4       86%         1
 Slow                     Hex            0%         N/A       86%         1
 Sting                    Tmut/Pois      0%         1d3       86%         1
 Summon Small Mammal      Summ           0%         N/A       86%         1
 Blink                    Tloc           0%         N/A       95%         2
 Call Imp                 Summ           0%         N/A       95%         2
 Cigotuvi's Dreadful Rot  Necr/Pois/Air  0%         N/A       95%         2
 Ensorcelled Hibernation  Hex/Ice        0%         N/A       95%         2
 Lesser Beckoning         Tloc           0%         N/A       95%         2
 Momentum Strike          Conj/Tloc      0%         3d8       95%         2
 Poisonous Vapours        Pois/Air       0%         N/A       95%         2
 Scorch                   Fire           0%         2d5       95%         2
 Searing Ray              Conj           0%         2d4       95%         2
 Static Discharge         Conj/Air       0%         2-2/arc   95%         2
 Sublimation of Blood     Necr           0%         N/A       95%         2
 Call Canine Familiar     Summ           0%         N/A       99%         3
 Confusing Touch          Hex            0%         N/A       99%         3
 Frozen Ramparts          Ice            0%         1d1       99%         3
 Gell's Gravitas          Tloc           0%         N/A       99%         3
 Hailstorm                Conj/Ice       0%         3d3       99%         3
 Ignite Poison            Fire/Tmut/Pois 0%         N/A       99%         3
 Mephitic Cloud           Conj/Pois/Air  0%         N/A       99%         3
 Spider Form              Tmut/Pois      0%         N/A       99%         3
 Stone Arrow              Conj/Erth      0%         3d7       99%         3
 Summon Guardian Golem    Hex/Summ       0%         N/A       99%         3
 Teleport Other           Tloc           0%         N/A       99%         3
 Tukima's Dance           Hex            0%         N/A       99%         3
 Vhi's Electric Charge    Tloc/Air       0%         N/A       99%         3
 Anguish                  Hex/Necr       0%         N/A       100%        4
 Animate Armour           Summ/Erth      0%         N/A       100%        4
 Animate Dead             Necr           0%         N/A       100%        4
 Cause Fear               Hex            0%         N/A       100%        4
 Dispel Undead            Necr           0%         3d6       100%        4
 Flame Wave               Conj/Fire      0%         2d4       100%        4
 Fulminant Prism          Conj/Hex       0%         3d5       100%        4
 Ice Form                 Ice/Tmut       0%         N/A       100%        4
 Manifold Assault         Tloc           0%         N/A       100%        4
 Olgreb's Toxic Radiance  Pois           0%         N/A       100%        4
 Passage of Golubria      Tloc           0%         N/A       100%        4
 Petrify                  Tmut/Erth      0%         N/A       100%        4
 Summon Ice Beast         Ice/Summ       0%         N/A       100%        4
 Summon Lightning Spire   Summ/Air       0%         N/A       100%        4
 Alistair's Intoxication  Tmut/Pois      0%         N/A       100%        5
 Arcjolt                  Conj/Air       0%         1d10      100%        5
 Borgnjor's Vile Clutch   Necr/Erth      0%         N/A       100%        5
 Fireball                 Conj/Fire      0%         3d3       100%        5
 Freezing Cloud           Conj/Ice/Air   0%         6-21      100%        5
 Irradiate                Conj/Tmut      0%         3d11      100%        5
 Iskenderun's Battlesphe  Conj           0%         2d6       100%        5
 Metabolic Englaciation   Hex/Ice        0%         N/A       100%        5
 Summon Forest            Summ/Tloc      0%         N/A       100%        5
 Summon Mana Viper        Hex/Summ       0%         N/A       100%        5
 Yara's Violent Unravell  Hex/Tmut       0%         3d3       100%        5
 Conjure Ball Lightning   Conj/Air       0%         3x3d6     100%        6
 Death Channel            Necr           0%         N/A       100%        6
 Dispersal                Tloc           0%         N/A       100%        6
 Eringya's Noxious Bog    Tmut/Pois      0%         N/A       100%        6
 Iron Shot                Conj/Erth      0%         9d1       100%        6
 Plasma Beam              Fire/Air       0%         2x1d11    100%        6
 Simulacrum               Ice/Necr       0%         N/A       100%        6
 Starburst                Conj/Fire      0%         6d3       100%        6
 Summon Cactus Giant      Summ           0%         N/A       100%        6
 Dragon Form              Tmut           0%         N/A       100%        7
 Enfeeble                 Hex            0%         N/A       100%        7
 Haunt                    Necr/Summ      0%         N/A       100%        7
 Malign Gateway           Summ/Tloc      0%         N/A       100%        7
 Orb of Destruction       Conj           0%         9d5       100%        7
 Ozocubu's Refrigeration  Ice            0%         4d7       100%        7
 Spellforged Servitor     Conj/Summ      0%         N/A       100%        7
 Storm Form               Tmut/Air       0%         N/A       100%        7
 Discord                  Hex            0%         N/A       100%        8
 Disjunction              Tloc           0%         N/A       100%        8
 Ignition                 Fire           0%         3d3       100%        8
 Infestation              Necr           0%         N/A       100%        8
 Lehudib's Crystal Spear  Conj/Erth      0%         10d2      100%        8
 Maxwell's Capacitive Co  Air            0%         ∞         100%        8
 Necromutation            Tmut/Necr      0%         N/A       100%        8
 Summon Horrible Things   Summ           0%         N/A       100%        8
 Chain Lightning          Conj/Air       0%         N/A       100%        9
 Dragon's Call            Summ           0%         N/A       100%        9


Dungeon Overview and Level Annotations

Branches:
Dungeon (15/15)            Temple (1/1) D:5            Lair (5/5) D:10
  Swamp (4/4) Lair:2        Snake (4/4) Lair:2        Slime (5/5) Lair:4
    Orc (2/2) D:10            Elf (3/3) Orc:2        Vaults (5/5) D:13
  Crypt (3/3) Vaults:3       Tomb (2/3) Crypt:3      Depths (4/4) D:15
   Hell (visited)             Dis (7/7) Hell            Geh (7/7) Hell
    Coc (1/7) Hell            Tar (0/7) Hell            Zot (0/5) Depths:4
Ossuary (visited)          Bailey (visited)

Altars:
Ashenzari
Cheibriados
Dithmenos
Elyvilon
Fedhas
Gozag
Hepliaklqana
Kikubaaqudgha
Makhleb
Nemelex Xobeh
Okawaru
Qazlal
Ru
Sif Muna
Trog
Uskayaw
Vehumet
Wu Jian
Xom
Yredelemnul
Zin
The Shining One
Jiyva
Lugonu

Shops:
D:5 :   D:10 [   Orc:1 ?   Orc:2 :[:=   Elf:1 :   Elf:2 !   Snake:1 =:=!
Vaults:3 ?   Depths:2 *   Depths:4 [(

Portals:
Hell: Depths:1 Depths:2 Depths:3 Depths:4
Abyss: Depths:2 Depths:3
Pandemonium: Depths:1 Depths:2
Ziggurat: Depths:2

Annotations:
D:8 2 runed translucent doors
Vaults:3 6 runed translucent doors
Pan Cerebov


Innate Abilities, Weirdness & Mutations

You have a pair of large horns on your head.
You reflexively headbutt those who attack you in melee.
You are partially covered in iridescent scales. (AC +2)
You possess an exceptional clarity of mind.
Your magical capacity is low. (-10% MP)
You heal very quickly.
You are weak. (Str -2)
Potions are less effective at restoring your health.


Message History

Aiming: Charm
Press: ? - help, Shift-Dir - straight line, f - hellion
Aim: a hellion (moderately wounded, summoned, chance to affect: 50%)
The hellion is charmed.
Cerebov hits your hellion with the +6 sword of Cerebov {flame}!!!
Cerebov burns your hellion!
Your hellion dies!
Your hellion disappears in a puff of smoke!
Aiming: Mindburst
Press: ? - help, Shift-Dir - straight line
Okay, then.
Unknown command.
Unknown command.
Aiming: Phantom Mirror
Press: ? - help, Dir - move target, f - Cerebov
Aim: Cerebov, wielding the +6 sword of Cerebov {flame} (severely wounded, fast)
Okay, then.
Unknown command.
Unknown command.
Unknown command.
Unknown command.
Unknown command.
Unknown command.
Unknown command.
Found a runed hand axe.
Found four items.
Found a wand of iceblast (5), 18 gold pieces and a translucent plate armour.
Cerebov gestures at you.
A raging storm of fire appears!
The great blast of fire engulfs you!!! You partially resist.
* * * LOW HITPOINT WARNING * * *
You hear a bellow!
You hear a screech! 3 fire vortices come into view.
Unknown command.
Blink to where?
Press: ? - help, Dir - move target
As you read the scroll of blinking, it crumbles to dust.
The hellion gestures at you.
The sphere of damnation explodes!
The damnation engulfs you!!!
You die...

#....####&2.#)...#....≈≈≈ ....
#.#####..#....≈≈§ ... #2#
#..#....≈.# .. #.' #..#....≈.. .
#.# #..#....#.# #2#####..#.......
########..#.....#.......
#v○☼☼v.&.##....^#.......
#v##°##@##......##.....#
☼○°#)|☼###.......##.....#
#######$$$#.........##.....#
#.....#/)[#.........##.....#
.#####.....#####.........##.....#
.........................##.....#
####......####............#####.#
.............'.....∩......'.....#
####......####............#######


You could see Cerebov (fast), a balrug (summoned), a hellion (summoned) and 2
fire vortices.

Vanquished Creatures
  Asmodeus (Geh:7)
  the Royal Jelly (Slime:5)
  the Serpent of Hell (Geh:7)
  2 dread liches (Vaults:5)
  6 ancient liches
  Mara (Vaults:3)
  A juggernaut (Depths:4)
  5 royal mummies
  2 pandemonium lords (Pan)
  A curse toe (Crypt:3)
  54 caustic shrikes
  Nikola (Snake:1)
  Geryon (Hell)
  2 golden dragons (Vaults:5)
  The ghost of agentgt the Warrior, a veteran KoAK of Lugonu (Vaults:3)
  5 bone dragons
  2 profane servitors (Abyss:5)
  7 iron giants
  14 Brimstone Fiends
  A Tzitzimitl (Hell)
  3 doom hounds (Hell)
  23 Hell Sentinels
  2 tentacled monstrosities
  Jorgrun (D:12)
  20 hellephants
  Mlioglotl (Swamp:2)
  An Ice Fiend (Pan)
  Rupert (D:15)
  Asterion (Snake:1)
  7 liches
  A deep elf blademaster (Elf:3)
  19 acid blobs
  3 titans (Vaults:5)
  A quicksilver dragon (Depths:3)
  18 searing wretches
  2 Executioners
  19 tentacled starspawn
  3 deep elf master archers (Elf:3)
  6 tengu reavers
  29 ancient champions
  3 thorn hunters
  6 shadow dragons
  10 sphinxes
  A draconian monk (Abyss:5)
  A storm dragon (Vaults:5)
  6 azure jellies
  A demonspawn warmonger (Pan)
  10 rockslimes
  7 revenants
  15 fire giants
  5 fenstrider witches (Swamp:4)
  5 nagarajas (Snake:4)
  18 quicksilver elementals
  A daeva (Abyss:5)
  38 balrugs
  10 deep elf sorcerers
  14 vault wardens
  Aizul (Snake:1)
  5 iron dragons
  An angel (Abyss:5)
  A draconian annihilator (Depths:4)
  A caustic shrike zombie (Crypt:3)
  A curse skull (Crypt:3)
  7 reapers
  10 frost giants
  2 demonspawn blood saints (Pan)
  17 very ugly things
  3 orc warlords
  14 ghouls
  2 deep elf elementalists (Elf:3)
  11 quicksilver oozes
  A draconian stormcaller (Abyss:5)
  17 ironbound preservers
  2 draconian shifters (Abyss:5)
  3 cacodemons
  13 stone giants
  2 spriggan defenders (Depths:3)
  2 demonspawn corrupters (Pan)
  An ophan (Abyss:5)
  7 ironbound thunderhulks
  9 vampire knights
  21 war gargoyles
  A caustic shrike skeleton (Crypt:1)
  2 eleionomae
  3 deep elf demonologists (Elf:3)
  3 putrid mouths
  2 lorocyprocas
  Nessos (D:14)
  Azrael (D:13)
  A black draconian (Depths:4)
  4 deep elf annihilators (Elf:3)
  A purple draconian (Depths:4)
  2 white draconians (Depths:4)
  8 dire elephants
  7 spark wasps (Depths:3)
  The ghost of billyroblox the Brawler, a journeyman TrFi of Okawaru (Lair:2)
  5 bunyips
  9 iron golems
  9 blizzard demons
  7 ettins
  5 eidola
  6 fire dragons
  A crystal guardian (Dis:4)
  5 deep elf death magi
  The ghost of vvlvvlvvl the Fighter, a journeyman DsFi of Kikubaaqudgha (Lair:1)
  4 entropy weavers
  A green death (Pan)
  5 mummy priests
  A merfolk impaler (Depths:3)
  6 deep elf high priests
  25 jiangshi
  Josephine (Snake:1)
  Fannar (Orc:1)
  4 shambling mangroves (Swamp:4)
  30 vault guards
  The ghost of robbje the Fighter, a journeyman HuNe of Yredelemnul (D:9)
  13 yaktaur captains
  Erolcha (D:13)
  7 great orbs of eyes
  11 hydras
  An ice dragon (Depths:2)
  18 salamander tyrants
  A juggernaut simulacrum (Depths:3)
  A spriggan zombie (Abyss:5)
  5 spriggan air magi
  3 rakshasas
  A hell beast (Pan)
  A caustic shrike simulacrum (Coc:1)
  11 centaur warriors
  3 spriggan skeletons
  6 ghost crabs
  7 ironbound frosthearts
  9 two-headed ogres
  10 anacondas
  10 ogre magi
  10 stokers
  35 dancing weapons
  11 alligators
  3 death knights
  10 death yaks
  41 death scarabs (Tomb:1)
  28 hell hogs
  14 naga warriors
  18 vampire magi
  The ghost of H0rd4k the Slicer, a novice HuAr of Gozag (D:9)
  2 deep troll shamans (Depths:2)
  4 boulder beetles
  A fenstrider witch skeleton (Tomb:1)
  8 tengu warriors
  30 thrashing horrors
  11 naga sharpshooters
  An orc high priest (Elf:3)
  7 spriggan berserkers
  4 deep troll earth magi
  5 shock serpents
  Urug (Lair:5)
  The ghost of kwasso the Thaumaturge, a journeyman SpEE of Ashenzari (D:12)
  20 sun demons
  13 hell knights
  A skyshark (Lair:5)
  10 iron trolls
  26 crystal echidnas
  A titan skeleton (Crypt:3)
  24 deep elf knights
  4 spatial maelstroms
  13 wretched stars
  4 sixfirhies
  A shadow wraith (Abyss:4)
  8 soul eaters
  33 skeletal warriors
  A spark wasp zombie (Depths:3)
  Lodul (D:13)
  3 flayed ghosts
  2 salamander mystics
  A death drake (Depths:2)
  37 deep trolls
  8 goliath frogs
  4 shadow demons (Pan)
  A sea snake (Snake:1)
  2 bog bodies
  7 glowing orange brains
  6 swamp dragons
  A golden dragon zombie (Depths:3)
  19 deep elf archers
  2 spriggan simulacra
  3 spriggan druids
  12 lindwurms
  A tengu zombie (Depths:3)
  15 wizards
  6 naga ritualists
  16 phantasmal warriors
  An iron giant skeleton (Crypt:2)
  A fenstrider witch simulacrum (Coc:1)
  3 harpies (Vaults:1)
  35 deep elf pyromancers
  A golden dragon skeleton (Depths:2)
  19 ironbound convokers
  8 orc knights
  28 starcursed masses
  An oklob plant (Lair:4)
  33 deep elf zephyrmancers
  A wolf spider (Vaults:5)
  The ghost of TangoThomas the Grave Robber, a novice DsNe (D:6)
  4 orc sorcerers
  13 salamanders
  A goliath frog zombie (Crypt:1)
  4 shining eyes
  6 necromancers
  9 mana vipers
  2 shadow dragon skeletons
  3 will-o-the-wisps
  A sphinx skeleton (Crypt:1)
  6 cyclopes
  5 manticores
  7 draconians (Abyss:5)
  17 elephants (Lair:3)
  5 worldbinders
  4 guardian serpents
  50 ugly things
  43 black mambas
  13 orange demons
  7 rust devils
  2 torpor snails
  14 vault sentinels
  26 cane toads
  17 naga magi
  13 molten gargoyles
  5 apocalypse crabs
  18 smoke demons
  6 unseen horrors
  2 gargoyles
  A cane toad (shapeshifter) (Abyss:5)
  2 eyes of devastation (Slime:5)
  2 dire elephant skeletons
  13 hellions
  A minotaur zombie (Crypt:3)
  A yaktaur zombie (Vaults:5)
  2 pale draconian zombies
  3 efreet
  A komodo dragon (shapeshifter) (D:14)
  4 kobold demonologists
  A rime drake (Lair:2)
  8 komodo dragons
  27 yaktaurs
  2 black draconian skeletons (Crypt:3)
  A bunyip simulacrum (Crypt:3)
  A death yak skeleton (Crypt:1)
  A golden dragon simulacrum (Depths:2)
  22 guardian mummies
  8 tormentors
  A freezing wraith (Crypt:1)
  A minotaur skeleton (Crypt:1)
  2 ice devils
  An anaconda simulacrum (Abyss:5)
  5 tengu conjurers
  4 red devils
  A harpy zombie (Tomb:2)
  A silent spectre (Abyss:4)
  7 trolls
  3 meliai (D:14)
  A polar bear (Lair:3)
  A bloated husk (Swamp:4)
  2 shadow dragon simulacra (Depths:2)
  18 tyrant leeches
  14 ancient zymes
  8 hellwings
  A blink frog (shapeshifter) (D:12)
  23 hornets
  5 dream sheep
  A harpy skeleton (Abyss:5)
  57 raiju
  A dream sheep (shapeshifter) (Vaults:5)
  21 blink frogs
  A snapping turtle (shapeshifter) (Vaults:5)
  An ice dragon zombie (Crypt:3)
  2 deep troll zombies
  An ettin zombie (Crypt:3)
  106 slime creatures
  37 large abominations
  2 ettin skeletons (Crypt:3)
  A centaur simulacrum (Crypt:3)
  4 air elementals
  2 flying skulls (Abyss:5)
  A jumping spider (shapeshifter) (Elf:3)
  3 vampires
  16 ynoxinuls
  2 wyverns
  6 ushabtiu
  A spectral komodo dragon (Lair:2)
  15 spriggans
  13 wraiths
  9 fire elementals
  44 yaks
  11 water elementals
  4 basilisks
  9 golden eyes
  12 neqoxecs
  5 redbacks
  A black mamba skeleton (Crypt:3)
  4 steam dragons
  24 vampire mosquitoes
  11 spatial vortices
  15 swamp worms
  16 chaos spawn
  6 wargs
  A harpy simulacrum (Hell)
  2 acid dragons
  62 nagas
  3 naga zombies
  2 spectral cane toads (Lair:2)
  4 floating eyes
  A naga skeleton (Abyss:5)
  A floating eye (shapeshifter) (Depths:1)
  8 hell hounds
  23 water moccasins
  2 glowing shapeshifter skeletons
  An entropy weaver zombie (Crypt:2)
  A spectral yak (Lair:2)
  A swamp drake (Swamp:1)
  An ogre (shapeshifter) (Vaults:5)
  49 orc warriors
  2 ice beasts
  4 sky beasts
  21 ogres
  3 black bears
  21 wolves
  5 boggarts (Vaults:3)
  A manticore skeleton (Crypt:3)
  2 snapping turtle skeletons
  A spectral rime drake (Lair:2)
  25 centaurs
  A blink frog skeleton (Crypt:3)
  18 kobold brigands
  22 bullfrogs
  29 small abominations
  An elf zombie (Ossuary)
  4 necrophages
  6 earth elementals
  A gnoll sergeant (D:10)
  2 scorpions
  13 wights
  A water moccasin skeleton (Crypt:2)
  A warg skeleton (Crypt:2)
  22 killer bees
  A troll skeleton (Crypt:2)
  4 howler monkeys
  5 electric eels
  6 crimson imps
  3 hounds
  A human zombie (Ossuary)
  A black bear zombie (Crypt:2)
  11 orc priests
  A gnoll bouda (Lair:1)
  A jelly (D:4)
  A sleepcap (D:5)
  2 iguanas
  24 orc wizards
  7 hell rats (Lair:3)
  4 lightning spires (Depths:2)
  A hound zombie (Ossuary)
  38 mummies
  A hound skeleton (Crypt:3)
  6 gnolls
  10 adders
  A swamp drake skeleton (Crypt:3)
  A shadow imp (D:5)
  6 white imps
  An ufetubus (D:7)
  An adder zombie (Crypt:1)
  A lava snake zombie (Crypt:1)
  A worm (D:4)
  2 dart slugs
  109 orcs
  4 ball pythons
  9 bats
  6 endoplasms
  4 giant cockroaches
  2 gnoll zombies (Ossuary)
  3 goblins (D:1)
  4 hobgoblins
  21 kobolds
  4 quokkas
  An endoplasm zombie (Crypt:1)
  2 frilled lizards
  A goblin zombie (Ossuary)
  A hobgoblin zombie (Ossuary)
  A jackal zombie (Ossuary)
  A kobold zombie (Ossuary)
  2 orc zombies (Ossuary)
  7 rats
  A rat zombie (Ossuary)
  A butterfly (Lair:4)
  2 creeping infernos (Geh:3)
  24 fire vortices
  4 lurking horrors
  A spectral weapon (Depths:3)
  31 starspawn tentacles
3266 creatures vanquished.

Vanquished Creatures (collateral kills)
  Dispater (Dis:7)
  2 royal mummies
  A searing wretch (Geh:7)
  An ancient champion (Tomb:2)
  A demonspawn warmonger (Pan)
  A cacodemon (Pan)
  A very ugly thing (Vaults:5)
  A quicksilver ooze (Slime:5)
  A mummy priest (Tomb:1)
  A great orb of eyes (Slime:5)
  A deep elf high priest (Vaults:5)
  2 sun demons (Pan)
  2 skeletal warriors (Tomb:2)
  A phantasmal warrior (Vaults:5)
  2 vault sentinels (Vaults:5)
  A guardian mummy (Tomb:1)
  3 ynoxinuls (Pan)
  2 chaos spawn (Pan)
25 creatures vanquished.

Vanquished Creatures (others)
  An ancient champion (Dis:2)
  2 demonspawn blood saints (Pan)
  A blizzard demon (Hell)
  A green death (Abyss:5)
  A deep elf death mage (Elf:3)
  2 hell knights (Hell)
  2 deep elf knights
  A deep elf archer (Elf:1)
  A molten gargoyle (Geh:7)
  An anaconda simulacrum (Coc:1)
  A tormentor (Geh:6)
  A bloated husk (Swamp:2)
  A hornet (Swamp:3)
  A blink frog (Lair:3)
  A water elemental (Elf:1)
  A spriggan (Swamp:2)
  A chaos spawn (Swamp:4)
  A small abomination (Abyss:4)
  A large abomination (Abyss:5)
  A white imp (Abyss:5)
  3 ball lightnings (Depths:2)
  3 creeping infernos
  8 foxfires
  A lurking horror (Abyss:5)
  26 starspawn tentacles
64 creatures vanquished.

Grand Total: 3355 creatures vanquished

Notes
Turn   | Place    | Note
-------+----------+-------------------------------------------
     0 | D:1      | kwasso the Minotaur Fighter began the quest for the Orb.
     0 | D:1      | Reached XP level 1. HP: 19/19 MP: 0/0
   125 | D:1      | Reached skill level 4 in Shields
   167 | D:1      | Reached XP level 2. HP: 25/27 MP: 1/1
   661 | D:2      | Reached XP level 3. HP: 33/33 MP: 2/2
  1601 | D:3      | Reached XP level 4. HP: 40/40 MP: 3/3
  2031 | D:3      | Found a faded altar of an unknown god.
  2073 | D:3      | Reached skill level 1 in Short Blades
  2099 | D:3      | Reached skill level 5 in Armour
  2099 | D:3      | Reached XP level 5. HP: 17/46 MP: 4/4
  2215 | D:3      | Found a radiant altar of Vehumet.
  2434 | D:4      | Noticed an ogre
  2443 | D:4      | Killed an ogre
  2444 | D:4      | Reached skill level 1 in Dodging
  2444 | D:4      | Reached skill level 5 in Shields
  2606 | D:4      | Noticed a water moccasin
  2625 | D:4      | Killed a water moccasin
  2626 | D:4      | Reached XP level 6. HP: 7/53 MP: 5/5
  2630 | D:4      | HP: 2/53 [poisoned by a water moccasin]
  3100 | D:4      | Noticed a yak
  3100 | D:4      | Noticed a yak
  3100 | D:4      | Noticed a yak
  3135 | D:4      | Killed a yak
  3136 | D:4      | Reached skill level 1 in Throwing
  3136 | D:4      | Reached XP level 7. HP: 43/60 MP: 6/6
  3144 | D:4      | Killed a yak
  3145 | D:4      | Reached skill level 6 in Shields
  3162 | D:4      | Killed a yak
  3506 | D:4      | Reached skill level 5 in Fighting
  3666 | D:5      | Entered Level 5 of the Dungeon
  3738 | D:5      | Reached XP level 8. HP: 43/68 MP: 7/7
  3986 | D:5      | Found an ancient bone altar of Kikubaaqudgha.
  4394 | D:5      | Found a staircase to the Ecumenical Temple.
  4404 | Temple   | Entered the Ecumenical Temple
  4462 | Temple   | Became a worshipper of Uskayaw the Reveller
  4612 | D:5      | Reached * piety under Uskayaw
  4614 | D:5      | Reached ** piety under Uskayaw
  4711 | D:5      | Identified the ring of Utorajum {MP+9 Dex+6}
  4980 | D:5      | Found Pougymm's Book Shop.
  5016 | D:6      | Found a transporter.
  5080 | D:6      | Reached skill level 1 in Invocations
  5127 | D:6      | Found a glowing silver altar of Zin.
  5257 | D:6      | Found a sand-covered staircase.
  5338 | Ossuary  | Entered an ossuary
  5346 | Ossuary  | Reached *** piety under Uskayaw
  5350 | Ossuary  | Reached **** piety under Uskayaw
  5353 | Ossuary  | Reached skill level 7 in Shields
  5477 | Ossuary  | Identified the +8 spear "Ganyobang" {antimagic, Dex+6}
  5641 | D:6      | Noticed TangoThomas's ghost (novice DsNe)
  5643 | D:6      | Found a transporter.
  5973 | D:6      | Gained mutation: You are agile. (Dex +4, Str/Int -1)
                  | [potion of mutation]
  5973 | D:6      | Gained mutation: You are covered in fur. (AC +1) [potion of
                  | mutation]
  5985 | D:6      | Killed TangoThomas's ghost
  5986 | D:6      | Reached XP level 9. HP: 54/74 MP: 2/10
  5995 | D:6      | Reached ***** piety under Uskayaw
  6359 | D:7      | Identified the +3 spear of Uncertain Death {venom, Str+4}
  6521 | D:7      | Found a broken altar of Ashenzari.
  6586 | D:7      | Identified the +0 robe "Kicis" {rPois Dex+2 Slay+5}
  6668 | D:7      | Found a sparkling altar of Nemelex Xobeh.
  6778 | D:7      | Found a white marble altar of Elyvilon.
  7248 | D:8      | Noticed a two-headed ogre
  7253 | D:8      | Reached skill level 5 in Polearms
  7267 | D:8      | Killed a two-headed ogre
  7268 | D:8      | Reached skill level 8 in Shields
  7273 | D:8      | Reached ****** piety under Uskayaw
  7314 | D:8      | Reached XP level 10. HP: 31/83 MP: 2/12
  7597 | D:8      | Found a flagged portal.
  7624 | Bailey   | Entered a bailey
  8385 | Bailey   | Reached skill level 5 in Invocations
  9559 | D:8      | Reached skill level 9 in Shields
  9588 | D:8      | Found a large runed translucent door.
  9588 | D:8      | Found a large runed translucent door.
  9591 | D:8      | Noticed a centaur warrior
  9620 | D:8      | Found a large runed translucent door.
  9620 | D:8      | Found a large runed translucent door.
  9654 | D:8      | Killed a centaur warrior
  9734 | D:8      | Reached skill level 1 in Evocations
  9760 | D:8      | Reached XP level 11. HP: 87/91 MP: 14/14
  9791 | D:8      | Reached skill level 10 in Polearms
  9833 | D:8      | Identified the +7 trident "Kewiat Tiwil" {speed, rElec rF+}
  9910 | D:8      | Reached skill level 10 in Shields
 10237 | D:9      | Found a runed translucent gate.
 10238 | D:9      | Found a runed translucent gate.
 10239 | D:9      | Found a runed translucent gate.
 10249 | D:9      | Found an ornate altar of the Wu Jian Council.
 10284 | D:9      | Noticed H0rd4k's ghost (novice HuAr)
 10284 | D:9      | Noticed robbje's ghost (journeyman HuNe)
 10347 | D:9      | Found a glowing golden altar of the Shining One.
 10696 | D:9      | Reached skill level 11 in Shields
 10971 | D:9      | Killed H0rd4k's ghost
 10979 | D:9      | Killed robbje's ghost
 11307 | D:9      | Got the Spellbook of Flames
 11349 | D:10     | Entered Level 10 of the Dungeon
 11382 | D:10     | Found a staircase to the Orcish Mines.
 11418 | D:10     | Found Egi Nuokke's Armour Emporium.
 11435 | D:10     | Noticed a death yak
 11437 | D:10     | Noticed a death yak
 11464 | D:10     | Killed a death yak
 11494 | D:10     | Noticed a death yak
 11498 | D:10     | Noticed a death yak
 11509 | D:10     | Noticed a death yak
 11511 | D:10     | Killed a death yak
 11513 | D:10     | Noticed a death yak
 11520 | D:10     | Killed a death yak
 11521 | D:10     | Killed a death yak
 11522 | D:10     | Reached skill level 12 in Shields
 11528 | D:10     | Killed a death yak
 11529 | D:10     | Reached XP level 12. HP: 90/101 MP: 15/15
 11537 | D:10     | Killed a death yak
 11618 | D:10     | Found a staircase to the Lair.
 11628 | D:10     | Identified the +0 ring mail of Xawaisye {Drain rElec rN+
                  | Int+5}
 11664 | D:10     | Found a burning altar of Makhleb.
 12534 | D:10     | Noticed a three-headed hydra
 12542 | D:10     | Killed a three-headed hydra
 12543 | D:10     | Reached skill level 10 in Armour
 13680 | D:12     | Noticed a tengu warrior
 13680 | D:12     | Noticed a tengu warrior
 13693 | D:12     | Killed a tengu warrior
 13704 | D:12     | Killed a tengu warrior
 13705 | D:12     | Reached skill level 13 in Shields
 13738 | D:12     | Noticed Jorgrun
 13770 | D:12     | Killed Jorgrun
 13771 | D:12     | Reached skill level 5 in Throwing
 14349 | D:12     | Noticed a two-headed ogre
 14363 | D:12     | Killed a two-headed ogre
 14368 | D:12     | Reached XP level 13. HP: 99/108 MP: 17/17
 14544 | D:12     | Found a runed translucent gate.
 14544 | D:12     | Found a runed translucent gate.
 14544 | D:12     | Found a runed translucent gate.
 14545 | D:12     | Noticed kwasso's ghost (journeyman SpEE)
 14580 | D:12     | Killed kwasso's ghost
 14989 | D:13     | Noticed Lodul
 15026 | D:13     | Reached skill level 15 in Polearms
 15026 | D:13     | Killed Lodul
 15171 | D:13     | Reached skill level 14 in Shields
 15171 | D:13     | Reached skill level 5 in Evocations
 15304 | D:13     | Noticed Azrael
 15309 | D:13     | HP: 5/111 [Azrael/damnation (38)]
 15311 | D:13     | Killed Azrael
 15677 | D:13     | Found a gate to the Vaults.
 15800 | D:13     | Noticed Erolcha
 15822 | D:13     | Killed Erolcha
 16313 | D:14     | Found an opulent altar of Gozag.
 16380 | D:14     | Noticed Nessos
 16393 | D:14     | Killed Nessos
 16843 | D:14     | Reached skill level 15 in Shields
 16891 | D:14     | Reached XP level 14. HP: 94/118 MP: 10/19
 17863 | D:15     | Entered Level 15 of the Dungeon
 17913 | D:15     | Noticed Rupert
 17935 | D:15     | Killed Rupert
 18360 | D:15     | Identified the +7 chain mail "Muleucy" {Dex+5}
 18490 | D:15     | Paralysed by an ogre mage for 4 turns
 18747 | D:15     | Found a staircase to the Depths.
 18917 | Lair:1   | Entered Level 1 of the Lair of Beasts
 18969 | Lair:1   | Reached skill level 10 in Fighting
 19085 | Lair:1   | Reached skill level 10 in Invocations
 19248 | Lair:1   | Reached skill level 5 in Dodging
 19365 | Lair:1   | Reached skill level 16 in Shields
 19365 | Lair:1   | Reached XP level 15. HP: 126/126 MP: 21/21
 19516 | Lair:1   | Found a runed translucent door.
 19574 | Lair:1   | Noticed vvlvvlvvl's ghost (journeyman DsFi)
 19589 | Lair:1   | Killed vvlvvlvvl's ghost
 19901 | Lair:2   | Noticed billyroblox's ghost (journeyman TrFi)
 19911 | Lair:2   | Found a runed translucent gate.
 19911 | Lair:2   | Found a runed translucent gate.
 19911 | Lair:2   | Found a runed translucent gate.
 20182 | Lair:2   | Found a staircase to the Snake Pit.
 20935 | Lair:2   | Found a staircase to the Swamp.
 21258 | Lair:2   | Killed billyroblox's ghost
 21259 | Lair:2   | Reached skill level 17 in Shields
 21581 | Lair:3   | Reached XP level 16. HP: 133/136 MP: 23/23
 21983 | Lair:3   | Identified a scroll of acquirement
 21984 | Lair:3   | Acquired 710 gold pieces
 22380 | Lair:4   | Reached skill level 18 in Shields
 22708 | Lair:4   | Found a staircase to the Slime Pits.
 23477 | Lair:5   | Entered Level 5 of the Lair of Beasts
 23539 | Lair:5   | Reached skill level 19 in Shields
 24227 | Lair:5   | Noticed Urug
 24255 | Lair:5   | Killed Urug
 24667 | Orc:1    | Entered Level 1 of the Orcish Mines
 24727 | Orc:1    | Noticed Fannar
 24749 | Orc:1    | Killed Fannar
 24942 | Orc:2    | Entered Level 2 of the Orcish Mines
 25382 | Orc:1    | Found Muoryw's Magic Scroll Shoppe.
 25386 | Orc:1    | Bought a scroll of poison for 48 gold pieces
 25386 | Orc:1    | Bought a scroll of blinking for 90 gold pieces
 25386 | Orc:1    | Bought a scroll of teleportation for 36 gold pieces
 25386 | Orc:1    | Bought a scroll of identify for 24 gold pieces
 25386 | Orc:1    | Bought a scroll of identify for 24 gold pieces
 25386 | Orc:1    | Bought a scroll of identify for 24 gold pieces
 25386 | Orc:1    | Bought a scroll of identify for 24 gold pieces
 25859 | Orc:2    | Reached skill level 20 in Shields
 25926 | Orc:2    | Found a staircase to the Elven Halls.
 26383 | Orc:2    | Found Unih's Armour Shoppe.
 26383 | Orc:2    | Found Enyod's Book Boutique.
 26385 | Orc:2    | Found Baim's Jewellery Shop.
 26387 | Orc:2    | Found Tooqoblo's Book Emporium.
 26391 | Orc:2    | Bought the +0 pair of fencer's gloves {Riposte Dex+3} for
                  | 400 gold pieces
 26391 | Orc:2    | Found the +0 pair of fencer's gloves {Riposte Dex+3}
 26508 | Elf:1    | Entered Level 1 of the Elven Halls
 26533 | Elf:1    | Found Ceriodeggu's Book Shoppe.
 26825 | Elf:1    | Reached XP level 17. HP: 141/146 MP: 24/24
 26853 | Elf:1    | Reached skill level 21 in Shields
 27478 | Elf:2    | Found Bimoxia's Distillery.
 27645 | Elf:2    | Found a radiant altar of Vehumet.
 27709 | Elf:2    | Found a runed translucent gate.
 27710 | Elf:2    | Found a runed translucent gate.
 27710 | Elf:2    | Found a runed translucent gate.
 27763 | Elf:2    | Paralysed by an orc sorcerer for 2 turns
 27768 | Elf:2    | Reached skill level 22 in Shields
 28404 | Elf:2    | Bought a potion of invisibility for 120 gold pieces
 28404 | Elf:2    | Bought a potion of heal wounds for 75 gold pieces
 28404 | Elf:2    | Bought a potion of resistance for 150 gold pieces
 28681 | Elf:2    | Reached skill level 23 in Shields
 29326 | Elf:3    | Entered Level 3 of the Elven Halls
 29468 | Elf:3    | Reached XP level 18. HP: 143/157 MP: 26/26
 29525 | Elf:3    | Paralysed by an air elemental for 1 turns
 29839 | Elf:3    | Found a shimmering blue altar of Sif Muna.
 30389 | Elf:3    | Noticed a Tzitzimitl
 30398 | Abyss:4  | Cast into level 4 of the Abyss (a ghostly deep elf
                  | sorcerer)
 30429 | Abyss:4  | Noticed a lich
 30452 | Abyss:4  | Killed a lich
 30500 | Abyss:4  | Noticed a bone dragon
 30662 | Abyss:4  | Noticed a lich
 31038 | Elf:3    | Escaped the Abyss
 31071 | Elf:3    | Reached skill level 10 in Dodging
 31560 | Swamp:1  | Entered Level 1 of the Swamp
 31627 | Swamp:1  | Reached skill level 24 in Shields
 32365 | Swamp:1  | Reached skill level 10 in Throwing
 32687 | Swamp:2  | Found a hide-covered altar of Uskayaw.
 32997 | Swamp:2  | Noticed Mlioglotl
 33016 | Swamp:2  | Killed Mlioglotl
 34276 | Swamp:4  | Entered Level 4 of the Swamp
 34725 | Swamp:4  | Reached XP level 19. HP: 167/167 MP: 27/27
 35094 | Swamp:4  | Reached skill level 25 in Shields
 35247 | Swamp:4  | Gained mutation: You are frail. (-10% HP) [a neqoxec]
 35406 | Swamp:4  | Reached skill level 10 in Evocations
 35465 | Swamp:4  | Gained mutation: Armour fits poorly on your strangely
                  | shaped body. [a neqoxec]
 35652 | Swamp:4  | Paralysed by an ogre mage for 4 turns
 35992 | Swamp:4  | Got a decaying rune of Zot
 36239 | D:10     | Lost mutation: You are frail. (-10% HP) [potion of
                  | mutation]
 36239 | D:10     | Lost mutation: Armour fits poorly on your strangely shaped
                  | body. [potion of mutation]
 36239 | D:10     | Lost mutation: You are covered in fur. (AC +1) [potion of
                  | mutation]
 36239 | D:10     | Gained mutation: Your mind is acute. (Int +4, Str/Dex -1)
                  | [potion of mutation]
 36239 | D:10     | Gained mutation: You do not regenerate when monsters are
                  | visible. [potion of mutation]
 36239 | D:10     | Gained mutation: You have a somewhat thin skeletal
                  | structure. (Dex +2, Stealth+) [potion of mutation]
 36239 | D:10     | Gained mutation: Your mind is very acute. (Int +8, Str/Dex
                  | -2) [potion of mutation]
 36241 | D:10     | Lost mutation: You have a somewhat thin skeletal structure.
                  | (Dex +2, Stealth+) [potion of mutation]
 36241 | D:10     | Lost mutation: Your mind is very acute. (Int +8, Str/Dex
                  | -2) [potion of mutation]
 36241 | D:10     | Gained mutation: You are resistant to electric shocks.
                  | (rElec) [potion of mutation]
 36241 | D:10     | Gained mutation: You have sharp fingernails. [potion of
                  | mutation]
 36242 | D:10     | Lost mutation: Your mind is acute. (Int +4, Str/Dex -1)
                  | [potion of mutation]
 36242 | D:10     | Lost mutation: You are agile. (Dex +4, Str/Int -1) [potion
                  | of mutation]
 36242 | D:10     | Lost mutation: You have sharp fingernails. [potion of
                  | mutation]
 36242 | D:10     | Gained mutation: You are frail. (-10% HP) [potion of
                  | mutation]
 36242 | D:10     | Gained mutation: You are partially covered in iridescent
                  | scales. (AC +2) [potion of mutation]
 36244 | D:10     | Lost mutation: You are resistant to electric shocks.
                  | (rElec) [potion of mutation]
 36244 | D:10     | Lost mutation: You are frail. (-10% HP) [potion of
                  | mutation]
 36244 | D:10     | Gained mutation: Your muscles are strong. (Str +4, Int/Dex
                  | -1) [potion of mutation]
 36244 | D:10     | Gained mutation: Your body sometimes deteriorates upon
                  | taking damage. [potion of mutation]
 36244 | D:10     | Gained mutation: Your mind is acute. (Int +4, Str/Dex -1)
                  | [potion of mutation]
 36247 | D:10     | Lost mutation: You do not regenerate when monsters are
                  | visible. [potion of mutation]
 36247 | D:10     | Lost mutation: Your body sometimes deteriorates upon taking
                  | damage. [potion of mutation]
 36247 | D:10     | Gained mutation: Your natural rate of healing is unusually
                  | fast. [potion of mutation]
 36335 | Orc:2    | Bought the ring "Hooxziy" {rElec rPois MP+9 Int-5 Dex-3}
                  | for 321 gold pieces
 36485 | Snake:1  | Entered Level 1 of the Snake Pit
 36501 | Snake:1  | Reached skill level 15 in Armour
 36706 | Snake:1  | Noticed Asterion
 36726 | Snake:1  | Killed Asterion
 36730 | Snake:1  | Identified the ring "Ehujei Koen" {Wiz Drain Will++ Dex+5}
 36759 | Snake:1  | Noticed Nikola
 36781 | Snake:1  | Killed Nikola
 36887 | Snake:1  | Noticed Josephine
 36894 | Snake:1  | Killed Josephine
 36902 | Snake:1  | Found Kefoustra's Distillery.
 36910 | Snake:1  | Bought a potion of resistance for 170 gold pieces
 36910 | Snake:1  | Bought a potion of might for 68 gold pieces
 36910 | Snake:1  | Bought a potion of might for 68 gold pieces
 36910 | Snake:1  | Bought a potion of haste for 170 gold pieces
 36910 | Snake:1  | Bought a potion of berserk rage for 85 gold pieces
 37195 | Snake:1  | Noticed Aizul
 37218 | Snake:1  | Killed Aizul
 37385 | Snake:1  | Found Atih's Jewellery Boutique.
 37387 | Snake:1  | Found Ucritagaet's Book Emporium.
 37388 | Snake:1  | Found Puzugele's Jewellery Boutique.
 38158 | Snake:2  | Reached skill level 15 in Fighting
 38262 | Snake:2  | You fall into a shaft and drop 1 floor!
 40606 | Snake:4  | Entered Level 4 of the Snake Pit
 40721 | Snake:4  | Reached XP level 20. HP: 151/178 MP: 29/29
 41509 | Snake:4  | Identified the +9 sling "Womecwot" {flame, rElec Int+4
                  | Dex-5}
 41533 | Snake:4  | Reached skill level 26 in Shields
 41643 | Snake:4  | Got a serpentine rune of Zot
 42147 | Abyss:4  | Cast into level 4 of the Abyss (a deep elf sorcerer)
 42274 | Abyss:4  | Noticed a bone dragon
 42295 | Abyss:4  | Killed a bone dragon
 42400 | Elf:3    | Escaped the Abyss
 42596 | Elf:3    | Identified the ring of Megalomania {rElec rF+ Will+ EV+5}
 43052 | Vaults:1 | Entered Level 1 of the Vaults
 44330 | Vaults:2 | Reached XP level 21. HP: 187/188 MP: 31/31
 44807 | Vaults:2 | You fall into a shaft and drop 2 floors!
 44828 | Vaults:4 | Reached skill level 27 in Shields
 44994 | Vaults:4 | Reached skill level 15 in Invocations
 45502 | Vaults:3 | Found a staircase to the Crypt.
 45764 | Vaults:2 | Found a radiant altar of Vehumet.
 45810 | Vaults:2 | Found the +4 robe of Folly {Brill Will-∞ Int+8}
 45958 | Vaults:2 | Found a portal to a secret trove of treasure.
 46224 | Vaults:3 | Found a large runed translucent door.
 46224 | Vaults:3 | Found a large runed translucent door.
 46224 | Vaults:3 | Found a large runed translucent door.
 46224 | Vaults:3 | Found a large runed translucent door.
 46224 | Vaults:3 | Found a large runed translucent door.
 46224 | Vaults:3 | Found a large runed translucent door.
 46224 | Vaults:3 | Noticed agentgt's ghost (veteran KoAK)
 46225 | Vaults:3 | Found a large runed translucent door.
 46225 | Vaults:3 | Found a large runed translucent door.
 46739 | Vaults:3 | Found Sukhlio's Magic Scroll Emporium.
 46742 | Vaults:3 | Bought a scroll of teleportation for 48 gold pieces
 46742 | Vaults:3 | Bought a scroll of poison for 64 gold pieces
 46854 | Vaults:3 | Noticed Mara
 46880 | Vaults:3 | Killed Mara
 47104 | Vaults:3 | Identified the +6 scale mail of Ysokaig {Dex+4}
 47386 | Vaults:3 | Killed agentgt's ghost
 47863 | Vaults:4 | Reached XP level 22. HP: 201/201 MP: 32/32
 48080 | Vaults:5 | Entered Level 5 of the Vaults
 48154 | Vaults:5 | Noticed an ancient lich
 48168 | Vaults:5 | Killed an ancient lich
 48322 | Vaults:5 | Identified the ring "Oteag" {rElec Will+ MP+9 Int+2}
 48322 | Vaults:5 | Noticed an ancient lich
 48355 | Vaults:5 | Killed an ancient lich
 48373 | Vaults:5 | Identified the +8 short sword of Sunlight {venom, rPois}
 48757 | Vaults:5 | Noticed a golden dragon
 48767 | Vaults:5 | Noticed a dread lich
 48777 | Vaults:5 | Killed a golden dragon
 48780 | Vaults:5 | Killed a dread lich
 48834 | Vaults:5 | Got the Compendium of the Blizzard and Leadership
 49432 | Vaults:5 | Got a silver rune of Zot
 49435 | Vaults:5 | Noticed a golden dragon
 49448 | Vaults:5 | Killed a golden dragon
 49491 | Vaults:5 | Identified the +2 robe "Zeptuav" {Archmagi}
 49601 | Vaults:5 | Noticed a dread lich
 49617 | Vaults:5 | Killed a dread lich
 49618 | Vaults:5 | Noticed an ancient lich
 49635 | Vaults:5 | Killed an ancient lich
 50231 | Depths:1 | Entered Level 1 of the Depths
 50311 | Depths:1 | Found a one-way gate leading to the halls of Pandemonium.
 50394 | Depths:1 | Identified the +0 leather armour of Veifoihy {rElec rPois
                  | Will+ Dex-5}
 50662 | Depths:1 | Reached XP level 23. HP: 203/211 MP: 34/34
 50697 | Depths:1 | Paralysed by a floating eye for 2 turns
 50721 | Depths:1 | Found a gateway to Hell.
 50818 | Depths:1 | You fall into a shaft and drop 1 floor!
 51541 | Depths:2 | Found Keamn's Assorted Antiques.
 51544 | Depths:2 | Bought a scroll of poison for 160 gold pieces
 51544 | Depths:2 | Bought a scroll of teleportation for 120 gold pieces
 51544 | Depths:2 | Bought a potion of might for 160 gold pieces
 51544 | Depths:2 | Bought a potion of curing for 120 gold pieces
 51690 | Depths:2 | Found a one-way gate to the infinite horrors of the Abyss.
 51885 | Depths:2 | Got Kikubaaqudgha's Quarto of Bones
 51918 | Depths:2 | Found a one-way gateway to a ziggurat.
 51919 | Depths:2 | Paralysed by a floating eye for 3 turns
 51923 | Depths:2 | Paralysed by a floating eye for 2 turns
 51933 | Depths:2 | Paralysed by a floating eye for 2 turns
 51937 | Depths:2 | Paralysed by a floating eye for 3 turns
 51948 | Depths:2 | Paralysed by a floating eye for 4 turns
 51953 | Depths:2 | Paralysed by a floating eye for 3 turns
 51961 | Depths:2 | Paralysed by a floating eye for 3 turns
 52358 | Depths:2 | Got the Guidebook on Gases
 52436 | Depths:2 | Got Nezoit's Lectures on Ensorcelling
 52520 | Depths:2 | Found an ornate altar of the Wu Jian Council.
 52681 | Depths:2 | Got the Vademecum on the Gift
 53076 | Depths:3 | Found a glowing golden altar of the Shining One.
 53931 | Depths:3 | Identified the +3 scale mail "Hucyiwab" {rElec rF- rN+
                  | Regen+}
 53955 | Depths:3 | Found a corrupted altar of Lugonu.
 55528 | Vaults:2 | You paid a toll of 17 potions of curing to enter a treasure
                  | trove
 55529 | Trove    | Entered a treasure trove
 55536 | Trove    | Identified the +7 plate armour of Okawaru's Esteem {Regen+
                  | rCorr}
 55556 | Trove    | Identified the +0 plate armour "Koaxait" {Str+4 Dex-3}
 55991 | Depths:4 | Entered Level 4 of the Depths
 56026 | Depths:4 | Reached skill level 15 in Dodging
 56158 | Depths:4 | Paralysed by a floating eye for 4 turns
 56168 | Depths:4 | Noticed a juggernaut
 56209 | Depths:4 | Killed a juggernaut
 56210 | Depths:4 | Reached skill level 15 in Throwing
 56381 | Depths:4 | Reached XP level 24. HP: 220/222 MP: 35/35
 56466 | Depths:4 | Found a gate to the Realm of Zot.
 56545 | Depths:4 | Identified the +4 bardiche of Balonetu {flame, rPois Int+3}
 56841 | Depths:4 | Found Seecem's Antique Weapon Boutique.
 56848 | Depths:4 | Bought a faintly glowing trident for 229 gold pieces
 56848 | Depths:4 | Identified the +9 trident of Gohecuna {antimagic, rPois
                  | SInv Stlth+} (You bought it in a shop on level 4 of the
                  | Depths)
 56848 | Depths:4 | Found Nairocue's Antique Armour Shop.
 56854 | Depths:4 | Bought a pair of transparent boots for 342 gold pieces
 56854 | Depths:4 | Identified the +1 pair of boots of Negation {Will+ Int+3}
                  | (You bought it in a shop on level 4 of the Depths)
 56967 | Depths:4 | Found a snail-covered altar of Cheibriados.
 57956 | Vaults:4 | You fall into a shaft and drop 1 floor!
 58539 | Hell     | Entered the Vestibule of Hell
 58540 | Hell     | Noticed Geryon
 58589 | Hell     | Killed Geryon
 58634 | Hell     | Found a gateway to the freezing wastes of Cocytus.
 58965 | Hell     | Found a gateway to the decaying netherworld of Tartarus.
 59212 | Hell     | Found a gateway to the ashen valley of Gehenna.
 59573 | Hell     | Found a gateway to the Iron City of Dis.
 59717 | Dis:1    | Entered Level 1 of the Iron City of Dis
 60047 | Dis:1    | You fall into a shaft and drop 1 floor!
 62506 | Slime:1  | Entered Level 1 of the Pits of Slime
 63005 | Slime:1  | Gained mutation: Potions are less effective at restoring
                  | your health. [a shining eye]
 63294 | Slime:2  | Gained mutation: Your magical capacity is low. (-10% MP) [a
                  | shining eye]
 63296 | Slime:2  | Lost mutation: Your muscles are strong. (Str +4, Int/Dex
                  | -1) [a shining eye]
 63298 | Slime:2  | Gained mutation: You sometimes lose your temper in combat.
                  | [a shining eye]
 63300 | Slime:2  | Gained mutation: You are weak. (Str -2) [a shining eye]
 65386 | Slime:3  | Found a viscous altar of Jiyva.
 66064 | Slime:4  | Paralysed by a floating eye for 3 turns
 66515 | Slime:5  | Entered Level 5 of the Pits of Slime
 66593 | Slime:5  | Noticed the Royal Jelly
 66612 | Slime:5  | Killed the Royal Jelly
 66613 | Slime:5  | Reached XP level 25. HP: 235/235 MP: 10/32
 66619 | Slime:5  | Paralysed by a floating eye for 4 turns
 66727 | Slime:5  | Got the Handbook of Ruinous Austromancy
 66732 | Slime:5  | Got a slimy rune of Zot
 66773 | Slime:5  | Identified the +2 hand axe of Vaam {antimagic, rC+ Dex+3}
 66777 | Slime:5  | Identified the +7 battleaxe "Ukla" {elec, Fragile rElec
                  | MP+9 Int+5}
 66816 | Slime:5  | Identified the staff of death "Vaufrid" {rPois rF+ rN+}
 66830 | Slime:5  | Identified the ring "Xufayq" {rF+ rN+ Str+2}
 66842 | Slime:5  | Identified the staff of earth "Pymi Cod" {Will+ Str-4
                  | Int+2}
 66861 | Slime:5  | Identified the +1 hand axe "Tothra" {freeze, rN+ Int+7
                  | Dex-4}
 67889 | D:14     | You fall into a shaft and drop 1 floor!
 68486 | Depths:2 | Voluntarily entered the Abyss.
 68654 | Abyss:4  | Found a corrupted altar of Lugonu.
 69369 | Depths:2 | Escaped the Abyss
 69531 | Depths:2 | Paralysed by a floating eye for 4 turns
 69539 | Depths:2 | Paralysed by a floating eye for 4 turns
 69546 | Depths:2 | Paralysed by a floating eye for 3 turns
 69568 | Depths:2 | Voluntarily entered the Abyss.
 69573 | Abyss:5  | Found a transporter.
 69575 | Abyss:5  | Got an abyssal rune of Zot
 69621 | Abyss:5  | Found a transporter.
 69750 | Abyss:5  | Found a transporter.
 69773 | Abyss:5  | Gained mutation: You are frail. (-10% HP) [a neqoxec]
 69798 | Abyss:5  | Paralysed by you for 4 turns
 70003 | Abyss:5  | Found a transporter.
 70006 | Abyss:5  | Found a transporter.
 70113 | Depths:2 | Escaped the Abyss
 71032 | Crypt:1  | Entered Level 1 of the Crypt
 71304 | Crypt:1  | You fall into a shaft and drop 1 floor!
 72341 | Crypt:3  | Entered Level 3 of the Crypt
 72366 | Crypt:3  | Identified the +4 rapier of Delightful Integrity {speed,
                  | Dex+3}
 72370 | Crypt:3  | Reached XP level 26. HP: 221/221 MP: 10/32
 72656 | Crypt:3  | Reached skill level 15 in Evocations
 73293 | Crypt:3  | Found an ancient bone altar of Kikubaaqudgha.
 73299 | Crypt:3  | Acquired a manual of Evocations
 73301 | Crypt:3  | Acquired 1222 gold pieces
 73303 | Crypt:3  | Acquired 1010 gold pieces
 73762 | Crypt:3  | Found a basalt altar of Yredelemnul.
 73769 | Crypt:3  | Found an ancient bone altar of Kikubaaqudgha.
 73804 | Crypt:3  | Identified the ring "Tuob" {rN+ rCorr Str+2}
 73804 | Crypt:3  | Identified the ring "Hoxkokk" {rC+ rN+ Will+ Int-3 Dex+2}
 73810 | Crypt:3  | Identified the +5 mace of Imminent Death {protect, Dex+3}
 74463 | Crypt:3  | Found the +7 lajatang of Order {silver, rMut}
 74473 | Crypt:3  | Identified the staff of poison "Piturec" {Drain rElec rPois
                  | Str+7}
 74616 | Crypt:3  | Found a staircase to the Tomb.
 74710 | Crypt:3  | Lost mutation: Your mind is acute. (Int +4, Str/Dex -1)
                  | [potion of mutation]
 74710 | Crypt:3  | Lost mutation: You sometimes lose your temper in combat.
                  | [potion of mutation]
 74710 | Crypt:3  | Gained mutation: You possess an exceptional clarity of
                  | mind. [potion of mutation]
 74710 | Crypt:3  | Lost mutation: You are frail. (-10% HP) [potion of
                  | mutation]
 74710 | Crypt:3  | Gained mutation: You heal very quickly. [potion of
                  | mutation]
 75379 | Tomb:1   | Entered Level 1 of the Tomb of the Ancients
 75669 | Tomb:1   | Identified the +7 ring mail of the Solstice {rPois Str-5
                  | SInv}
 75765 | Tomb:1   | Reached skill level 5 in Axes
 75855 | Tomb:1   | Noticed a royal mummy
 75876 | Tomb:1   | Killed a royal mummy
 76225 | Tomb:1   | Noticed a royal mummy
 76227 | Tomb:1   | Noticed a royal mummy
 76234 | Tomb:1   | Killed a royal mummy
 76234 | Tomb:1   | Killed a royal mummy
 76564 | Tomb:1   | Identified the +4 pair of boots of the Endless Expanse
                  | {Int+2}
 77761 | Tomb:2   | Noticed a royal mummy
 77764 | Tomb:2   | Noticed a royal mummy
 77765 | Tomb:2   | Noticed a royal mummy
 77766 | Tomb:2   | Noticed a royal mummy
 77786 | Tomb:2   | Killed a royal mummy
 77790 | Tomb:2   | Killed a royal mummy
 77799 | Tomb:2   | Killed a royal mummy
 77809 | Tomb:2   | Killed a royal mummy
 78745 | Depths:2 | Voluntarily entered the Abyss.
 78745 | Abyss:5  | Found a corrupted altar of Lugonu.
 78875 | Abyss:5  | Reached XP level 27. HP: 135/258 MP: 32/32
 79004 | Abyss:5  | Paralysed by accursed screaming for 1 turns
 79006 | Abyss:5  | Found a corrupted altar of Lugonu.
 79098 | Abyss:5  | Gained mutation: You have a pair of large horns on your
                  | head. [a cacodemon]
 79167 | Depths:2 | Escaped the Abyss
 79355 | Depths:2 | Upgraded the game from 0.30.1-10-g1249ef9ec4 to
                  | 0.30.1-11-g7821555f0a
 80428 | Dis:1    | Reached skill level 10 in Axes
 80723 | Geh:1    | Entered Level 1 of Gehenna
 81066 | Geh:2    | Noticed an ancient lich
 81073 | Geh:2    | Killed an ancient lich
 81362 | Geh:3    | You fall into a shaft and drop 1 floor!
 82232 | Geh:5    | Noticed an ancient lich
 82454 | Geh:1    | Lost intelligence.
 82545 | Geh:5    | Killed an ancient lich
 83684 | Geh:7    | Entered Level 7 of Gehenna
 83771 | Geh:7    | Noticed the Serpent of Hell
 83841 | Geh:7    | Killed the Serpent of Hell
 84972 | Geh:7    | Found the +13 sceptre of Asmodeus
 84972 | Geh:7    | Noticed Asmodeus
 84984 | Geh:7    | Got an obsidian rune of Zot
 84988 | Geh:7    | Killed Asmodeus
 85209 | Geh:7    | Reached skill level 1 in Maces & Flails
 87162 | Dis:3    | Reached skill level 15 in Axes
 87740 | Dis:5    | Noticed an ancient lich
 87749 | Dis:5    | Killed an ancient lich
 88182 | Dis:7    | Entered Level 7 of the Iron City of Dis
 89086 | Dis:7    | Identified the +10 trident "Dragonbane" {heavy, rPois rN+++
                  | Will- Dex+4}
 89207 | Dis:7    | Identified the amulet of Ulymy {+Inv Regen+ Dex+5}
 89302 | Dis:7    | Identified the +3 dagger "Ceclexof" {vamp, Str+6}
 89427 | Dis:7    | Identified the +4 great sword of Wariness {venom, Int+5}
 89589 | Dis:7    | Noticed Dispater
 89623 | Dis:7    | Killed Dispater
 89674 | Dis:7    | Identified the +4 long sword of Qair Idoy {freeze, rF+
                  | Str+3}
 89676 | Dis:7    | Got an iron rune of Zot
 90142 | D:10     | Acquired the scarf of Denuj {repulsion, rElec rC+++ Slay-2
                  | SInv}
 90367 | Coc:1    | Entered Level 1 of Cocytus
 90487 | Pan      | Entered Pandemonium
 90749 | Pan      | Reached skill level 5 in Maces & Flails
 91005 | Pan      | Noticed Dorpharchu the pandemonium lord
 91029 | Pan      | Killed Dorpharchu the pandemonium lord
 91348 | Pan      | Noticed Sylav Pum the pandemonium lord
 91355 | Pan      | Killed Sylav Pum the pandemonium lord
 91918 | Pan      | Entered the realm of Cerebov.
 92570 | Pan      | Found the +6 sword of Cerebov {flame}
 92570 | Pan      | Noticed Cerebov
 92604 | Pan      | Killed from afar by a hellion

Illustrated notes

Levels and vault maps discovered:
D:1:      dpeg_arrival_prison, layout_rooms
D:2:      layout_loops_corners
D:3:      layout_loops_ring, vehumet_crystals,
          hellmonk_ecumenical_altar_run_dry, kennysheep_cross_room,
          kennysheep_generic_room_14
D:4:      layout_basic, chequers_hall_statues_wall_a
D:5:      layout_basic, kiku_gazebo_pond_becter, minmay_temple_entry_poolview,
          serial_shops, kennysheep_mini, hangedman_decor_opposing, st_stairs_7,
          minmay_fire_ice_demons
D:6:      layout_loops_ring, old_standard_altar, chequers_ossuary_entry_cave,
          gammafunk_ghost_arena, kennysheep_boxes
D:7:      layout_loops_corners, mainiacjoe_overflow_alcove_2,
          nicolae_ashenzari_skybound, nemelex_diamond_rough_becter
D:8:      wad_crossroads, layout_rooms, enter_bailey_2,
          minmay_hollow_rounded_squares
D:9:      layout_roguey, mainiacjoe_overflow_surrounded_room,
          mainiacjoe_overflow_concentric_impassable, gammafunk_ghost_cemetery
D:10:     layout_long_grid, nicolae_overflow_crystal_walls, dpeg_lair_monsters,
          orc_david_3, hangedman_ranch
D:11:     layout_rooms
D:12:     layout_roguey, gammafunk_ghost_nasty_kobolds, uniq_jorgrun
D:13:     layout_roguey, erik_vaults_1, minmay_misc_feat_encased, minivault_16,
          minmay_fractal_squares_diagonal_5, uniq_azrael, uniq_lodul,
          uniq_erolcha
D:14:     layout_stronghold, grunt_gozag_breadcrumbs, uniq_nessos
D:15:     hangedman_depths_entry_try_elsewhere_first, layout_basic,
          serial_glass, glass_columns_b, glass_columns_c, item_on_display_a,
          due_unseen_surprise, feat_on_display, uniq_rupert
Temple:   nicolae_temple_god_jail
Lair:1:   layout_gridlike, ebering_ghost_reflecting_pool,
          nicolae_lair_grove_arrangements, dreamdust_gnoll_shepherd
Lair:2:   layout_cave_pods, nicolae_swamp_entry_spooky,
          minmay_snake_entry_six_corridors, gammafunk_ghost_split,
          serial_bayou_ford_a
Lair:3:   mu_elephants_graveyard, layout_loops_ring,
          nicolae_quartered_pool_little
Lair:4:   layout_cave_pods, dpeg_slime_entry_corner, lemuel_fruit_fields
Lair:5:   minmay_lair_end_frog_pond, layout_loops_ring,
          chequers_serial_rivers_room_a, uniq_urug
Swamp:1:  layout_basic_swamp, evilmike_swamp_ruin_rubble_1, swamp_pool1
Swamp:2:  layout_basic_swamp, nicolae_swamp_godswood, uniq_mlioglotl
Swamp:3:  layout_falls_marsh, nicolae_swamp_decorative_isthmus
Swamp:4:  nzn_swamp_witches_coven, layout_basic_swamp
Snake:1:  layout_layer_cave, serial_shops, shop, serial_bayou_shore_a,
          minmay_shop_grove, grunt_megastairs_2, lemuel_fruit_tree, uniq_aizul,
          uniq_nikola, uniq_asterion, uniq_josephine
Snake:2:  layout_chambers
Snake:3:  layout_chambers, serial_bayou_crossing
Snake:4:  minmay_snake_end_coiled, layout_misc_corridors
Slime:1:  layout_caves, cheibrodos_slime_lost_civilization_6
Slime:2:  cheibrodos_slime_lost_civilization_1, layout_caves
Slime:3:  layout_caves, basic_altar
Slime:4:  layout_caves
Slime:5
Orc:1:    layout_caves, serial_shops, nicolae_shop_window_shopping, uniq_fannar
Orc:2:    st_orc_rangers, layout_diamond_mine
Elf:1:    layout_rooms, serial_shops, nicolae_shop_getting_attention,
          minivault_28
Elf:2:    nicolae_elf_blades_crystal_corner, layout_loops_corners, serial_shops,
          shop, basic_altar
Elf:3:    minmay_elf_hall_furrowed, layout_geoelf_diagonals, basic_altar,
          corexii_hall_statues_x, grunt_ministairs_13
Vaults:1: vaults_dpeg_hooks, vaults_room_door_hall, vaults_standard_mumra_lines,
          hangedman_vaults_corner_blocks, nicolae_vaults_little_squares_5,
          nicolae_vaults_surprise_closet, nicolae_vaults_trapezoid_lopsided_1,
          layout_vaults_omnigrid
Vaults:2: nicolae_vaults_trapezoid_1, grunt_tower_of_power,
          vaults_standard_mumra_enter_the_diamond, v_misc_24,
          vaults_standard_mumra_x, nicolae_vaults_storage_closets_2,
          ontoclasm_vaults_fault, nicolae_vaults_sightless_eye,
          nicolae_vaults_storage_room_statues, vaults_room_pool,
          layout_vaults_ring, nicolae_trove_entry_isolated
Vaults:3: advil_vaults_ghost_lines, v_misc_12, nicolae_vaults_network_s,
          minmay_crypt_entry_simple_corners, nicolae_vaults_ninety_degrees,
          v_misc_9, nicolae_vaults_prndl, nicolae_vaults_theta,
          vaults_mumra_hexcomb, hangedman_vaults_capsules,
          nicolae_vaults_little_ls, hangedman_vaults_corner_blocks,
          nicolae_vaults_house_2, layout_vaults_omnibox, serial_shops,
          nicolae_shop_behind_doors, uniq_mara
Vaults:4: nicolae_vaults_double_plus_1, ontoclasm_vaults_eye,
          nicolae_vaults_three_branches, nicolae_vaults_house_1,
          nicolae_vaults_shipping_containers_7, v_alt_pattern_4,
          hangedman_vaults_unwind, hangedman_vaults_nodes,
          nicolae_vaults_hexular_roomagon, grunt_vaults_bifocal,
          grunt_vaults_hallway_short, layout_vaults_maze_snakey
Vaults:5
Crypt:1:  layout_rooms, due_unseen_surprise
Crypt:2:  layout_rooms
Crypt:3:  lightli_unholy_cathedral, layout_chaotic_city,
          nicolae_tomb_entry_grand_gallery, basic_altar, grunt_ministairs_15,
          grunt_megastairs_4
Tomb:1
Tomb:2
Depths:1: layout_gridlike, rand_demon_pan_entry_7, hell_entry,
          kilobyte_rumbling_trees
Depths:2: nicolae_whirlpool, layout_honeycomb, enter_ziggurat_c, serial_shops,
          nicolae_shop_real_fake_doors, serial_hangedman_research,
          hangedman_research_probablistics, hangedman_research_electronics,
          hangedman_research_toxicology, hangedman_research_quantum,
          hangedman_research_thanatology, pf_coc_iceberg,
          rand_demon_pan_entry_1, solitary_fountain, abyss_entry,
          pdpol_wu_jian_five_deadly_venoms, infiniplex_staircase_split_hallway
Depths:3: nicolae_moon_pools, layout_gridlike, hell_entry,
          abyss_entry_flame_altar, tso_metal_star, serial_bayou_shore_b,
          firewood_loft
Depths:4: evilmike_zot_entry_basic, layout_cave_pools, nicolae_titane,
          pf_hell_entry_tar_spiral, hangedman_abyss_or_decor_slice,
          grunt_ministairs_13, lemuel_statue_altar, roderic_cross_of_infinity,
          minmay_fountain_box, minmay_shoptagon
Hell
Dis:1:    layout_jigsaw
Dis:2:    nicolae_dis_heavy_security, layout_jigsaw, nicolae_dis_fourth_circle
Dis:3:    layout_jigsaw
Dis:4:    layout_jigsaw, nicolae_dis_distal_crystal
Dis:5:    layout_gridville
Dis:6:    layout_subdivisions
Dis:7:    iron_city_of_dis [dis_old, dis_wall_8], layout_gridville,
          nicolae_dis_metal_lava_thing
Geh:1:    layout_gehenna_lava_caves
Geh:2:    layout_gehenna_pools_basic
Geh:3:    layout_gehenna_lava_caves, nicolae_geh_fourpack
Geh:4:    layout_gehenna_pools_triple
Geh:5:    layout_gehenna_pools_basic
Geh:6:    layout_gehenna_lava_caves
Geh:7:    geh_hangedman
Coc:1:    layout_cocytus_water_paths
Pan:      grunt_pan_sceptre, layout_pan_divisions_b [pan_division_quadrant_b6,
          pan_division_quadrant_b6, pan_division_quadrant_b3,
          pan_division_quadrant_b6], pan_blood_fountain,
          evilmike_mini_pan_possible_glass, layout_grid_shapes, cerebov,
          layout_basic, nicolae_pan_lom_lobonic_1

Skill      XL: |  1  2  3  4  5  6  7  8  9 10 11 12 13 14 15 16 17 18 19 20 21 22 23 24 25 26 27 |
---------------+----------------------------------------------------------------------------------+-----
Shields        | 4 5 6 7 8 9 12 13 15 16 17 20 23 24 25 26 27 | 27.0
Armour         | 4 5 6 7 8 9 10 11 12 13 14 15 16 17 18 19 20 21 23 | 23.3
Fighting       | 4 5 6 7 8 9 10 12 13 14 15 16 17 18 20 21 22 23 24 | 24.9
Axes           | 3 7 18 | 18.5
Short Blades   | 1 2 3 4 |  4.5
Dodging        | 1 2 3 4 5 6 8 9 10 11 12 13 14 15 16 17 20 | 20.3
Throwing       | 1 2 3 4 5 6 8 9 10 12 14 15 16 17 19 | 19.7
Invocations    | 2 4 5 6 7 9 10 11 12 13 14 15 17 18 19 20 21 22 | 22.7
Polearms       | 2 6 9 12 14 15 16 18 19 | 19.3
Evocations     | 1 3 4 5 6 7 8 9 10 11 12 13 14 16 19 | 19.2
Maces & Flails | 7 |  7.9

Action                     |  1- 3 |  4- 6 |  7- 9 | 10-12 | 13-15 | 16-18 | 19-21 | 22-24 | 25-27 || total
---------------------------+-------+-------+-------+-------+-------+-------+-------+-------+-------++-------
  Melee: War axe           |    34 |       |    32 |       |       |       |       |       |       ||    66
         Headbutt          |    14 |    19 |    60 |   117 |   183 |   618 |   774 |  1169 |  1520 ||  4474
         Dagger            |    45 |   119 |   164 |       |       |       |       |       |       ||   328
         Spear             |       |       |   128 |    42 |       |       |       |       |       ||   170
         Trident           |       |       |       |   737 |   868 |  2253 |  2568 |  2634 |  1869 || 10929
         Quick blade       |       |       |       |       |       |       |       |   125 |       ||   125
         Broad axe         |       |       |       |       |       |       |       |       |   967 ||   967
         Eveningstar       |       |       |       |       |       |       |       |       |   268 ||   268
  Throw: Dart              |       |    18 |    52 |    69 |   201 |   123 |    87 |    98 |     5 ||   653
         Boomerang         |       |       |       |       |     2 |    13 |    52 |    94 |    13 ||   174
         Javelin           |       |       |       |       |       |     7 |       |     2 |     6 ||    15
 Invoke: Line Pass         |       |       |     2 |       |     1 |     2 |     2 |     2 |     2 ||    11
         Stomp             |       |       |       |     2 |       |       |     2 |       |       ||     4
         Grand Finale      |       |       |       |       |     2 |     2 |     4 |     9 |     4 ||    21
  Evoke: Wand              |       |       |       |     5 |     2 |     6 |     1 |     6 |    38 ||    58
         Lightning rod     |       |       |       |       |       |     2 |       |       |    15 ||    17
         Condenser vane    |       |       |       |       |       |       |     1 |       |     4 ||     5
         Box of beasts     |       |       |       |       |       |       |       |     1 |     5 ||     6
         Phantom mirror    |       |       |       |       |       |       |       |     2 |     6 ||     8
         Horn of Geryon    |       |       |       |       |       |       |       |       |     2 ||     2
    Use: Potion            |       |     5 |     6 |       |     4 |     4 |     7 |     3 |    14 ||    43
         Scroll            |       |       |     8 |     6 |     4 |     9 |     9 |     3 |    18 ||    57
   Stab: Paralysed         |       |       |    16 |    56 |    79 |   193 |   278 |   328 |   465 ||  1415
         Confused          |       |       |     1 |       |       |     2 |     2 |       |       ||     5
         Invisible         |       |       |       |       |       |     3 |       |     6 |       ||     9
         Sleeping          |       |       |       |       |       |     3 |       |       |       ||     3
         Distracted        |       |       |       |       |       |     2 |     1 |       |    10 ||    13
 Armour: Scale mail        |    27 |    37 |    40 |       |       |       |       |       |       ||   104
         Chain mail        |       |       |    53 |       |    59 |   145 |   112 |    29 |       ||   398
         Plate armour      |       |       |       |   179 |    88 |       |       |    88 |   385 ||   740
         Swamp dragon scal |       |       |       |       |       |    22 |    15 |       |       ||    37
         Gold dragon scale |       |       |       |       |       |       |       |    95 |       ||    95
  Dodge: Dodged            |    38 |    28 |    86 |    86 |    81 |   219 |   198 |   248 |   653 ||  1637
         Repelled          |       |       |       |       |       |       |       |       |     5 ||     5
  Block: Buckler           |    20 |    61 |   155 |   233 |   207 |    23 |       |       |       ||   699
         Reflection        |       |     1 |     3 |    21 |    14 |   202 |   196 |    84 |    61 ||   582
         Tower shield      |       |       |       |       |       |  1090 |  1231 |  1402 |  3190 ||  6913
Riposte: Trident           |       |       |       |       |       |   183 |   345 |   427 |   572 ||  1527
         Quick blade       |       |       |       |       |       |       |       |    27 |       ||    27
         Broad axe         |       |       |       |       |       |       |       |       |   484 ||   484
         Eveningstar       |       |       |       |       |       |       |       |       |    93 ||    93
